 Dungeon Crawl Stone Soup version 0.25.0-26-g0c896c7088 (webtiles) character file.

Game seed: 3289264153555260018

85 Exodus22XD the Poker (level 4, -1/33 HPs)
             Began as a Demonspawn Gladiator on July 4, 2020.
             Succumbed to a worker ant's poison
             ... on level 4 of the Dungeon.
             The game lasted 00:01:07 (1479 turns).

Exodus22XD the Poker (Demonspawn Gladiator)         Turns: 1479, Time: 00:01:07

Health: -1/33      AC:  5    Str: 16    XL:     4   Next: 25%
Magic:  4/4        EV: 13    Int:  9    God:
Gold:   74         SH:  4    Dex: 14    Spells: 3/3 levels left

rFire    . . .     SeeInvis .   a - +0 trident
rCold    . . .     Gourm    .   (no shield)
rNeg     . . .     Faith    .   b - +0 leather armour
rPois    .         Spirit   .   c - +0 helmet
rElec    .         Reflect  .   (no cloak)
rCorr    .         Harm     .   (no gloves)
MR       .....                  m - +0 pair of boots
Stlth    +.........             (no amulet)
HPRegen  0.11/turn              (no ring)
MPRegen  0.09/turn              (no ring)

@: mighty, brilliant, lethally poisoned (-1 -> -24), hasted, very quick
A: hooves 1, large bone plates 1
a: no special abilities


You were on level 4 of the Dungeon.
You were not hungry.

You visited 1 branch of the dungeon, and saw 3 of its levels.

You collected 74 gold pieces.

Inventory:

Hand Weapons
 a - a +0 trident (weapon)
Missiles
 d - 3 throwing nets (quivered)
Armour
 b - a +0 leather armour (worn)
 c - a +0 helmet (worn)
 m - a +0 pair of boots (worn)
Jewellery
 p - an uncursed ring of protection from cold {unknown}
Scrolls
 h - a scroll of identify {unknown}
 i - 2 scrolls of amnesia {unknown}
 j - 2 scrolls of magic mapping {unknown}
 k - 4 scrolls of noise {unknown}
 o - a scroll of immolation {unknown}
 r - a scroll of remove curse {unknown}
Potions
 e - a potion of might
 g - a potion of haste
 n - a potion of brilliance
 q - a potion of flight {unknown}
Comestibles
 f - 6 rations
 l - a chunk of flesh


   Skills:
 + Level 2.3 Fighting
 + Level 3.8 Polearms
 - Level 1.7 Throwing
 + Level 1.0 Armour
 + Level 3.2 Dodging
 + Level 0.2 Stealth


You had 3 spell levels left.
You didn't know any spells.
Your spell library was empty.

Dungeon Overview and Level Annotations

Branches:
Dungeon (2/15)

Altars:
Nemelex Xobeh


Innate Abilities, Weirdness & Mutations

You have large cloven feet.
You are partially covered in large bone plates. (SH +4)


Message History

You feel sick.
* * * LOW HITPOINT WARNING * * *
You feel sick.
* * * LOW HITPOINT WARNING * * *
You feel sick.
It was a potion of might.
You feel very mighty all of a sudden.
* * * LOW HITPOINT WARNING * * *
You feel sick.
The jackal bites you but does no damage.
The worker ant closely misses you. You block the jackal's attack.
It was a potion of haste.
You feel yourself speed up.
* * * LOW HITPOINT WARNING * * *
You feel sick. The worker ant bites you.
* * * LOW HITPOINT WARNING * * *
You are more poisoned.
The worker ant poisons you! The jackal barely misses you.
It was a potion of brilliance.
You feel clever all of a sudden.
You die...

.... .... .....
########## .....
........>## ......
##########.... ......#
##≈≈≈≈## ##....
.......###≈≈≈≈≈≈###.....
.......@..≈≈............
.......ah≈≈.............
......?a≈....≈≈.........
........≈..≈≈..≈........
.........≈≈....≈.....###
........s...⌠≈≈......# #
...........≈≈⌠.......###
..........≈.)..≈≈...##..
.........≈..≈≈..≈..##..


You could see 2 worker ants, a jackal and a giant cockroach.

Vanquished Creatures
  A hound (D:4)
  A hound skeleton (D:4)
  An ooze (D:1)
  2 dart slugs
  4 giant cockroaches
  A goblin (D:1)
  3 hobgoblins (D:1)
  A jackal (D:4)
  A quokka (D:4)
  7 bats
  A frilled lizard (D:4)
  4 kobolds
  7 rats
34 creatures vanquished.

Notes
Turn   | Place    | Note
-------+----------+-------------------------------------------
     0 | D:1      | Exodus22XD the Demonspawn Gladiator began the quest for the
                  | Orb.
     0 | D:1      | Reached XP level 1. HP: 16/16 MP: 1/1
   256 | D:1      | Gained mutation: You have large cloven feet. [demonic
                  | ancestry]
   256 | D:1      | Reached XP level 2. HP: 22/22 MP: 2/2
   731 | D:1      | Found a sparkling altar of Nemelex Xobeh.
  1006 | D:2      | Gained mutation: You are partially covered in large bone
                  | plates. (SH +4) [demonic ancestry]
  1006 | D:2      | Reached XP level 3. HP: 25/27 MP: 3/3
  1288 | D:2      | You fall into a shaft and drop 2 floors!
  1398 | D:4      | Reached XP level 4. HP: 28/33 MP: 4/4
  1466 | D:4      | Reached skill level 1 in Armour
  1478 | D:4      | HP: 1/33 [worker ant (3)]
  1479 | D:4      | Succumbed to a worker ant's poison

Illustrated notes

Levels and vault maps discovered:
D:1:      dpeg_arrival_rooms_c, layout_basic, minmay_misc_feat_five,
          nemelex_xobeh_ov_fountains_minmay
D:2:      layout_basic
D:4:      cheibrodos_helix_gallery, layout_basic, first_ration, serial_shops,
          shop_coins

Skill      XL: |  1  2  3  4 |
---------------+-------------+-----
Polearms       | 3 |  3.8
Dodging        | 3 |  3.2
Armour         | 1 |  1.0
Fighting       | |  2.3
Throwing       | |  1.7
Stealth        | |  0.2

Action                   |  1- 3 |  4- 6 || total
-------------------------+-------+-------++-------
Melee: Trident           |   103 |     6 ||   109
       Kick              |     7 |       ||     7
  Use: Potion            |       |     3 ||     3
  Eat: Chunk             |     2 |       ||     2
Armor: Leather armour    |    33 |     2 ||    35
Dodge: Dodged            |    55 |     8 ||    63
Block: Other             |     3 |     2 ||     5
